 Dungeon Crawl Stone Soup version 0.23.2 (webtiles) character file.

Game seed: 13259225160641468969

240 cklessthan3 the Slinger (level 6, -1/41 HPs)
             Began as a Halfling Hunter on Apr 8, 2019.
             Was a Follower of Cheibriados.
             Slain by an adder (3 damage)
             ... on level 4 of the Dungeon.
             The game lasted 00:07:56 (2831 turns).

cklessthan3 the Slinger (Halfling Hunter)           Turns: 2831, Time: 00:07:56

Health: -1/41      AC:  3    Str: 17    XL:     6   Next: 30%
Magic:  4/6        EV: 15    Int: 11    God:    Cheibriados [*.....]
Gold:   124        SH:  0    Dex: 17    Spells: 5/5 levels left

rFire    . . .     SeeInvis +   a - +1 hunting sling
rCold    . . .     Gourm    .   (shield restricted)
rNeg     . . .     Faith    .   c - +0 leather armour
rPois    .         Spirit   .   (no helmet)
rElec    .         Reflect  .   (no cloak)
rCorr    .         Harm     .   (no gloves)
MR       .....                  (no boots)
Stlth    ++........             (no amulet)
HPRegen  0.13/turn              m - ring of see invisible
MPRegen  0.10/turn              (no ring)

@: very slow
A: small, mutation resistance 1
a: Bend Time, Renounce Religion


You were on level 4 of the Dungeon.
You worshipped Cheibriados.
Cheibriados was aware of your devotion.
You were not hungry.

You visited 1 branch of the dungeon, and saw 4 of its levels.

You collected 124 gold pieces.

Inventory:

Hand Weapons
 a - a +1 hunting sling (weapon)
 b - a +0 short sword
Missiles
 e - 104 stones (quivered)
 k - 8 silver tomahawks
Armour
 c - a +0 leather armour (worn)
Jewellery
 m - a ring of see invisible (left hand)
Scrolls
 d - a scroll of amnesia {unknown}
 g - a scroll of enchant armour {unknown}
 i - 3 scrolls of identify {unknown}
 j - 2 scrolls of teleportation {unknown}
 p - 2 scrolls of enchant weapon {unknown}
Potions
 h - a potion of lignification {unknown}
 l - 3 potions of haste {unknown}
 n - a potion of heal wounds {unknown}
 o - 2 potions of berserk rage {unknown}
 q - a potion of curing {unknown}
 r - 2 potions of agility {unknown}
Comestibles
 f - 4 rations


   Skills:
 + Level 2.5 Fighting
 + Level 9.1 Slings
 + Level 1.5 Armour
 + Level 2.5 Dodging
 + Level 1.8 Stealth


You had 5 spell levels left.
You didn't know any spells.
Your spell library was empty.

Dungeon Overview and Level Annotations

Branches:
Dungeon (4/15)
 Temple: D:4-7

Altars:
Cheibriados
Makhleb


Innate Abilities, Weirdness & Mutations

You are small and have problems with some larger weapons.
You are somewhat resistant to further mutation.


Message History

Firing (i - inventory. (/) - cycle)
e - 107 stones (quivered)
Press: ? - help, Shift-Dir - straight line, f/p - phantom
Aim: a phantom (heavily damaged)
You shoot a stone. The stone hits the phantom.
The phantom is heavily damaged.
Firing (i - inventory. (/) - cycle)
e - 106 stones (quivered)
Press: ? - help, Shift-Dir - straight line, f/p - phantom
Aim: a phantom (heavily damaged)
You shoot a stone. The stone hits the phantom.
The phantom is severely damaged.
The phantom hits you.
* * * LOW HITPOINT WARNING * * *
The phantom blinks!
Firing (i - inventory. (/) - cycle)
e - 105 stones (quivered)
Press: ? - help, Shift-Dir - straight line, f/p - phantom
Aim: a phantom (severely damaged)
You shoot a stone. The stone hits the phantom!
The phantom is almost destroyed.
The adder bites you.
You die...

..... ......# ....
..)...# ... ..... #.#
[.. #####.###.#
...#.....# ##.#.†.###
#.<.....#### ######...
#.####.....###@Sl(o($(
...######....W..####(..
##...........(...#
........$...........
#..###...####.#######
#.. ...## #.# #....##
#.# . #.. ###


You could see a phantom, an orc priest, an adder and a leopard gecko.

Vanquished Creatures
  An orc wizard (D:4)
  2 worker ants
  6 adders
  2 oozes
  2 worms
  A dart slug (D:2)
  4 orcs
  3 ball pythons
  4 giant cockroaches
  11 goblins
  12 hobgoblins
  11 jackals
  A quokka (D:2)
  9 bats
  7 frilled lizards
  8 kobolds
  13 rats
97 creatures vanquished.

Notes
Turn   | Place    | Note
-------+----------+-------------------------------------------
     0 | D:1      | cklessthan3 the Halfling Hunter began the quest for the
                  | Orb.
     0 | D:1      | Reached XP level 1. HP: 14/14 MP: 1/1
    51 | D:1      | Reached skill level 6 in Slings
   201 | D:1      | Reached XP level 2. HP: 19/19 MP: 2/2
   414 | D:1      | Reached XP level 3. HP: 24/24 MP: 3/3
   552 | D:1      | Reached skill level 7 in Slings
   618 | D:1      | You fall through a shaft!
   878 | D:2      | Reached XP level 4. HP: 29/29 MP: 4/4
  1385 | D:2      | Reached skill level 8 in Slings
  1596 | D:2      | Reached skill level 1 in Armour
  1596 | D:2      | Reached XP level 5. HP: 28/34 MP: 5/5
  2571 | D:3      | Found a burning altar of Makhleb.
  2571 | D:3      | Noticed a cacodemon
  2585 | D:3      | Noticed a neqoxec
  2585 | D:3      | Noticed an orange demon
  2608 | D:3      | Found a faded altar of an unknown god.
  2666 | D:3      | Became a worshipper of Cheibriados the Contemplative
  2666 | D:3      | Reached * piety under Cheibriados
  2782 | D:4      | Reached XP level 6. HP: 39/41 MP: 6/6
  2809 | D:4      | Noticed a phantom
  2819 | D:4      | Reached skill level 9 in Slings
  2830 | D:4      | HP: 2/41 [phantom (3)]
  2831 | D:4      | Slain by an adder

Skill      XL: |  1  2  3  4  5  6 |
---------------+-------------------+-----
Slings         | 6 7 8 9 |  9.1
Fighting       | 2 |  2.5
Armour         | 1 |  1.5
Dodging        | |  2.5
Stealth        | |  1.8

Action                   |  1- 3 |  4- 6 || total
-------------------------+-------+-------++-------
 Fire: Hunting sling     |    87 |   207 ||   294
Invok: Bend Time         |       |     1 ||     1
  Eat: Chunk             |       |     2 ||     2
       Ration            |       |     1 ||     1
Armor: Leather armour    |     5 |    19 ||    24
Dodge: Dodged            |    22 |    55 ||    77
